 Dungeon Crawl Stone Soup version 0.32-a0-361-g289a535 (webtiles) character file.

Game seed: 12542953164211110261

25 Nithhogg the Covered (level 2, -2/26 HPs)
             Began as a Mountain Dwarf Fighter on Feb 18, 2024.
             Slain by a gnoll
             ... wielding a +0 spear
              (3 damage)
             ... on level 1 of the Dungeon.
             The game lasted 00:00:31 (161 turns).

Nithhogg the Covered (Mountain Dwarf Fighter)        Turns: 161, Time: 00:00:32

Health: -2/26      AC:  6    Str: 18    XL:     2   Next: 82%
Magic:  3/3        EV: 14    Int:  8    God:
Gold:   9          SH:  0    Dex:  9    Spells: 1/1 levels left

rFire   . . .        a - +0 war axe
rCold   . . .        (no shield)
rNeg    . . .        b - +0 scale mail
rPois   .            (no helmet)
rElec   .            (no cloak)
rCorr   .            (no gloves)
SInv    .            (no boots)
Will    .....        (no amulet) Stlth
                     e - +5 ring of evasion
HPRegen 0.24/turn    (no ring)
MPRegen 0.08/turn

%: no passive effects
@: no status effects
A: runic magic, artefact enchanting
a: no special abilities


You were on level 1 of the Dungeon.
You visited 1 branch of the dungeon, and saw 1 of its levels.

You collected 9 gold pieces.

Inventory:

Hand Weapons
 a - a +0 war axe (weapon)
Armour
 b - a +0 scale mail (worn)
 c - a +0 buckler
Jewellery
 e - a +5 ring of evasion (left hand)
Scrolls
 f - a scroll of brand weapon {unknown}
 g - a scroll of identify {unknown}
Potions
 d - a potion of might


   Skills:
 + Level 3.6 Fighting
 + Level 3.0 Axes
 + Level 3.6 Armour
 - Level 3.2 Shields
 + Level 1.5 Invocations


You had one spell level left.
You didn't know any spells.
Your spell library contained the following spells:

 Spells                   Type           Power      Damage    Failure   Level
 Mercury Vapours          Alch/Air       0%         N/A       65%         2
 Mephitic Cloud           Conj/Alch/Air  0%         N/A       86%         3
 Tukima's Dance           Hex            0%         N/A       86%         3
 Dimensional Bullseye     Hex/Tloc       0%         N/A       99%         4
 Iskenderun's Mystic Bla  Conj/Tloc      0%         2d3       99%         4
 Freezing Cloud           Conj/Ice/Air   0%         6-21      100%        5


Dungeon Overview and Level Annotations

Branches:
Dungeon (1/15)

Altars:


Innate Abilities, Weirdness & Mutations

Your spellcasting is much less encumbered by armour.
You can use scrolls of enchantment on lesser artefacts.


Message History

You are too injured to fight recklessly!
You are too injured to fight recklessly!
You are too injured to fight recklessly!
You are too injured to fight recklessly!
You are too injured to fight recklessly!
You are too injured to fight recklessly!
There are monsters nearby!
You barely miss the gnoll.
The gnoll is almost dead.
You closely miss the bat.
The hobgoblin shouts!
The bat barely misses you. The gnoll hits you but does no damage.
The bat hits the plant.
The plant begins to die.
You hit the gnoll but do no damage.
The gnoll is almost dead.
You hit the hobgoblin.
The bat hits the plant. x2
The gnoll hits you with a +0 spear.
The bat hits the plant.
The hobgoblin closely misses you. The gnoll hits you with a +0 spear.
The hobgoblin hits you.
The bat hits the plant.
You closely miss the gnoll.
The gnoll is almost dead.
You closely miss the hobgoblin.
The bat hits the plant. x3
The hobgoblin hits you.
* * * LOW HITPOINT WARNING * * *
The gnoll hits you with a +0 spear.
* * * LOW HITPOINT WARNING * * *
The bat hits the plant.
You closely miss the gnoll.
The gnoll is almost dead.
You hit the hobgoblin.
You kill the hobgoblin!
A nearby plant withers and dies.
The bat closely misses you. The gnoll closely misses you.
You hit the gnoll but do no damage.
The gnoll is almost dead.
You barely miss the hobgoblin. The bat barely misses you.
The hobgoblin barely misses you. The gnoll hits you with a +0 spear.
* * * LOW HITPOINT WARNING * * *
The gnoll hits you with a +0 spear.
You die... ... #.# ... .#..## #.# ......# #.# PPPP...

#.# P...P.. #.# ....PPb
#.# .P.P...######.##
####
......g@.......######...
P...PPg...............≈.
...PPg:#####.......#....
......# ###.....#|≈..
...#.# #.....§§... .....
######§§§≈. ..##
###..§§.. #...≈...≈
####.#.).≈..


You could see a gnoll, 2 hobgoblins and a bat.

Vanquished Creatures
  A ball python (D:1)
  2 giant cockroaches (D:1)
  A goblin (D:1)
  2 hobgoblins (D:1)
  A quokka (D:1)
  4 bats (D:1)
  A kobold (D:1)
  2 rats (D:1)
14 creatures vanquished.

Notes
Turn   | Place    | Note
-------+----------+-------------------------------------------
     0 | D:1      | Nithhogg the Mountain Dwarf Fighter began the quest for the
                  | Orb.
     0 | D:1      | Reached XP level 1. HP: 19/19 MP: 1/1
    30 | D:1      | Reached XP level 2. HP: 26/26 MP: 2/2
    33 | D:1      | Reached skill level 1 in Invocations
   161 | D:1      | HP: 1/26 [gnoll/+0 spear (6)]
   161 | D:1      | Slain by a gnoll

Illustrated notes

Levels and vault maps discovered:
D:1:      mushboom_english_gardens, layout_basic, serial_glass, glass_columns_b,
          glass_columns_a, nicolae_kite_square_tiling_tiny,
          minmay_misc_feat_tiny, nicolae_grassy_gnolls

Skill      XL: |  1  2 |
---------------+-------+-----
Invocations    | 1 |  1.5
Axes           | 3 |  3.0
Fighting       | |  3.6
Armour         | |  3.6
Shields        | |  3.2

Action                     || total
---------------------------++-------
  Melee: War axe           ||    28
 Armour: Scale mail        ||    21
  Dodge: Dodged            ||    33

Table legend: (Time is in decaauts)
 A = Elapsed time spent in this place.
 B = Non-inter-level travel time spent in this place.
 C = Inter-level travel time spent in this place.
 D = Time resting spent in this place.
 E = Time spent auto-exploring this place.
 F = Levels seen in this place.
 G = Mean time per level.
                   A        B        C        D        E       F      G
               +--------+--------+--------+--------+--------+-----+--------+
         Total |    170 |    170 |      0 |      0 |     93 |   1 |  170.0 |
       Dungeon |    170 |    170 |      0 |      0 |     93 |   1 |  170.0 |
               +--------+--------+--------+--------+--------+-----+--------+

Top non-repeatable levels by time:
     D:1: 170 daAuts
